 Dungeon Crawl Stone Soup version 0.30-a0-4-ga7cffc901d (webtiles) character file.

Game seed: 14212798752600380315

546 xian the Cutter (level 7, -3/53 HPs)
             Began as a Pale Draconian Wanderer on Aug 21, 2022.
             Was an Initiate of Vehumet.
             Slain by a black bear (5 damage)
             ... on level 4 of the Dungeon.
             The game lasted 00:11:33 (4687 turns).

xian the Cutter (Pale Draconian Wanderer)           Turns: 4687, Time: 00:11:34

Health: -3/53      AC:  8    Str: 21    XL:     7   Next: 6%
Magic:  11/12      EV: 12    Int: 15    God:    Vehumet [......]
Gold:   162        SH:  0    Dex:  9    Spells: 10/13 levels left

rFire   . . .      SeeInvis +    d - +3 dagger (venom)
rCold   . . .      Faith    .    (no shield)
rNeg    . . .      Spirit   .    (body armour unavailable)
rPois   .          Reflect  .    (helmet restricted)
rElec   .          Harm     .    i - +0 cloak
rCorr   .          Rampage  .    (no gloves)
Will    .....                    b - +0 pair of boots
Stlth   ++........               (no amulet)
HPRegen 0.17/turn                f - ring of see invisible
MPRegen 0.13/turn                n - +6 ring of strength

@: no status effects
A: breathe steam, AC +6, unfitting armour, cold-blooded, steam resistance
a: Breathe Steam, Renounce Religion


You were on level 4 of the Dungeon.
You worshipped Vehumet.
Vehumet was noncommittal.
You visited 2 branches of the dungeon, and saw 5 of its levels.

You collected 186 gold pieces.
You spent 24 gold pieces at shops.

Inventory:

Hand Weapons
 d - a +3 dagger of venom (weapon)
Armour
 b - a +0 pair of boots (worn)
 i - a +0 cloak (worn)
Magical Staves
 q - a staff of fire
Jewellery
 f - a ring of see invisible (left hand)
 n - a +6 ring of strength (right hand)
Scrolls
 c - a scroll of fear
 l - a scroll of immolation
 o - a scroll of identify
 p - a scroll of noise {unknown}
 r - a scroll of teleportation
Potions
 a - 4 potions of curing
 e - a potion of heal wounds {unknown}
 g - a potion of haste {unknown}
 h - 2 potions of degeneration {unknown}
 j - 2 potions of might {unknown}
 k - a potion of brilliance {unknown}
 m - 3 potions of ambrosia


   Skills:
 - Level 1.7 Fighting
 + Level 4.4 Short Blades
 + Level 1.9 Dodging
 + Level 3.3 Stealth
 * Level 3.6 Spellcasting
 - Level 0.6 Transmutations
 * Level 2.6 Earth Magic
 + Level 2.7 Poison Magic
 + Level 1.1 Invocations


You had 10 spell levels left.
You knew the following spells:

 Your Spells              Type           Power      Damage    Failure   Level
a - Sting                 Tmut/Pois      28%        1d4       10%         1
b - Passwall              Tmut/Erth      5%         N/A       14%         2

Your spell library contained the following spells:

 Spells                   Type           Power      Damage    Failure   Level
 Sandblast                Erth           20%        2d7       6%          1
 Foxfire                  Conj/Fire      8%         2x1d4     19%         1
 Necrotise                Necr           8%         1d4       19%         1
 Wereblood                Tmut           4%         N/A       22%         2
 Sublimation of Blood     Necr           2%         N/A       28%         2
 Spider Form              Tmut/Pois      7%         N/A       28%         3
 Stone Arrow              Conj/Erth      12%        3d7       32%         3
 Conjure Flame            Conj/Fire      2%         6-21      50%         3
 Inner Flame              Hex/Fire       2%         N/A       50%         3
 Flame Wave               Conj/Fire      2%         2d4       88%         4
 Summon Hydra             Summ           1%         N/A       100%        7
 Infestation              Necr           1%         N/A       100%        8
 Death's Door             Necr           1%         N/A       100%        9


Dungeon Overview and Level Annotations

Branches:
Dungeon (4/15)             Temple (1/1) D:4

Altars:
Ashenzari
Cheibriados
Makhleb
Nemelex Xobeh
Okawaru
Ru
Sif Muna
Vehumet
Wu Jian
Zin

Shops:
D:3 *


Innate Abilities, Weirdness & Mutations

You can breathe blasts of scalding, opaque steam.
Your pale cyan-grey scales are hard. (AC +6)
You cannot fit into any form of body armour.
You are cold-blooded and may be slowed by cold attacks.
You are immune to the effects of steam.


Message History

Found 17 gold pieces.
The black bear barely misses you. x2
The black bear claws you. The black bear bites you! The black bear claws you.
The black bear claws you but does no damage.
You hit the black bear.
You tail-slap the black bear, but do no damage.
The black bear is almost dead.
The ball python closely misses you. The ball python misses you.
The black bear bites you but does no damage.
The black bear barely misses you. The black bear misses you.
Unknown command.
You hit the black bear.
The black bear is almost dead.
You have got your breath back.
The ball python barely misses you. The ball python misses you.
The black bear bites you. The black bear claws you. x2
Unknown command.
You closely miss the ball python.
Your tail-slap misses the ball python.
The black bear bites you. The black bear barely misses you.
The black bear claws you but does no damage.
The ball python bites you but does no damage.
The ball python barely misses you.
Unknown command.
You hit the ball python.
You kill the ball python!
Vehumet accepts your kill.
The black bear bites you but does no damage.
The black bear claws you.
The black bear claws you but does no damage.
The black bear misses you.
The black bear claws you but does no damage.
The black bear claws you.
* * * LOW HITPOINT WARNING * * *
You barely miss the black bear.
The black bear is almost dead.
The black bear bites you!
* * * LOW HITPOINT WARNING * * *
The black bear claws you.
* * * LOW HITPOINT WARNING * * *
The black bear closely misses you. The black bear bites you.
You die...

#########
######........
#.....@..#
#.####h#.#
#.####.# #
#.##........$.
#.##.#.#.####.
#.##.#.....
#.##.###.##.
#........# ..
####.##### .


You could see a black bear (berserk, poisoned).

Vanquished Creatures
  Edmund (D:4)
  A black bear (D:4)
  A scorpion (D:4)
  2 hounds (D:4)
  An orc wizard (D:4)
  3 iguanas (D:4)
  4 adders
  An ufetubus (D:4)
  A dart slug (D:1)
  2 worms
  4 orcs
  3 bats
  7 endoplasms
  5 giant cockroaches
  10 goblins
  8 hobgoblins
  2 quokkas
  4 ball pythons
  2 frilled lizards
  8 kobolds
  4 rats
74 creatures vanquished.

Vanquished Creatures (others)
  11 plants (D:4)
11 creatures vanquished.

Grand Total: 85 creatures vanquished

Notes
Turn   | Place    | Note
-------+----------+-------------------------------------------
     0 | D:1      | xian the Draconian Wanderer began the quest for the Orb.
     0 | D:1      | xian set off with the following items: a +0 rapier, a +0
                  | pair of boots, a scroll of fear; and the following spell
                  | memorised: Sting; and the following spells available to
                  | memorise: Spider Form.
     0 | D:1      | Reached XP level 1. HP: 14/14 MP: 3/3
   239 | D:1      | Reached XP level 2. HP: 15/20 MP: 0/5
  1140 | D:1      | Reached XP level 3. HP: 26/26 MP: 1/6
  1639 | D:2      | Found a faded altar of an unknown god.
  2180 | D:2      | Learned a level 2 spell: Passwall
  2538 | D:3      | Reached XP level 4. HP: 33/34 MP: 4/7
  2824 | D:3      | Found Hiotom's General Store.
  2827 | D:3      | Bought a scroll of identify for 24 gold pieces
  3460 | D:4      | Reached skill level 1 in Earth Magic
  3482 | D:4      | Noticed Edmund
  3516 | D:4      | Killed Edmund
  3517 | D:4      | Reached skill level 1 in Fighting
  3517 | D:4      | Reached XP level 5. HP: 8/40 MP: 7/9
  3776 | D:4      | Reached skill level 4 in Short Blades
  3776 | D:4      | Reached XP level 6. HP: 44/47 MP: 8/10
  4364 | D:4      | Your scales start taking on a pale cyan-grey colour.
  4364 | D:4      | Reached XP level 7. HP: 30/53 MP: 12/12
  4364 | D:4      | Gained mutation: You are immune to the effects of steam.
                  | [Pale Draconian growth]
  4505 | D:4      | Got the Vellum of Death
  4534 | D:4      | Found a staircase to the Ecumenical Temple.
  4542 | Temple   | Entered the Ecumenical Temple
  4590 | Temple   | Became a worshipper of Vehumet
  4687 | D:4      | HP: 2/53 [black bear (3)]
  4687 | D:4      | Slain by a black bear

Illustrated notes

Levels and vault maps discovered:
D:1:      dpeg_arrival_renting, layout_loops_corners
D:2:      layout_basic, ebering_ecumenical_altar_petrified, dk_noncrumbling_4
D:3:      layout_loops_cross, serial_shops, nicolae_shop_behind_doors
D:4:      layout_loops_corners, minmay_temple_entry_enclosed_plants,
          kennysheep_generic_room_13, uniq_edmund
Temple:   bh_familiar_temple

Skill      XL: |  1  2  3  4  5  6 |
---------------+-------------------+-----
Stealth        | 2 3 |  3.3
Earth Magic    | 1 2 |  2.6
Poison Magic   | 2 |  2.7
Fighting       | 1 |  1.7
Spellcasting   | 3 |  3.6
Short Blades   | 4 |  4.4
Dodging        | |  1.9
Transmutations | |  0.6
Invocations    | |  1.1

Action                   |  1- 3 |  4- 6 |  7- 9 || total
-------------------------+-------+-------+-------++-------
Melee: Rapier            |     9 |       |       ||     9
       Dagger            |    66 |    77 |     9 ||   152
       Tailslap          |     7 |     5 |     1 ||    13
       Punch             |       |     2 |       ||     2
 Cast: Sting             |    46 |    23 |     4 ||    73
 Abil: Breathe Steam     |       |       |     2 ||     2
  Use: Scroll            |       |     6 |       ||     6
       Potion            |       |     1 |       ||     1
 Stab: Sleeping          |     1 |     5 |       ||     6
Armor: Skin              |    27 |    35 |     7 ||    69
Dodge: Dodged            |    47 |    44 |    14 ||   105

Table legend: (Time is in decaauts)
 A = Elapsed time spent in this place.
 B = Non-inter-level travel time spent in this place.
 C = Inter-level travel time spent in this place.
 D = Time resting spent in this place.
 E = Time spent auto-exploring this place.
 F = Levels seen in this place.
 G = Mean time per level.
                   A        B        C        D        E       F      G
               +--------+--------+--------+--------+--------+-----+--------+
         Total |   4664 |   4496 |    168 |      0 |   3682 |   5 |  932.8 |
       Dungeon |   4586 |   4447 |    139 |      0 |   3640 |   4 | 1146.5 |
        Temple |     77 |     48 |     29 |      0 |     42 |   1 |   77.0 |
               +--------+--------+--------+--------+--------+-----+--------+

Top non-repeatable levels by time:
     D:1: 1623 daAuts
     D:4: 1386 daAuts
     D:2: 794 daAuts
     D:3: 782 daAuts
  Temple: 77 daAuts
